 Dungeon Crawl Stone Soup version 0.30-a0-691-g754fce4c43 (webtiles) character file.

Game seed: 5565009037023808496

150 Dirtsage the Changer (level 5, -2/33 HPs)
             Began as an Octopode Transmuter on Jan 19, 2023.
             Killed from afar by an orc wizard (8 damage)
             ... with a puff of flame
             ... on level 3 of the Dungeon.
             The game lasted 00:04:39 (2393 turns).

Dirtsage the Changer (Octopode Transmuter)          Turns: 2393, Time: 00:04:40

Health: -2/33      AC:  1    Str:  9    XL:     5   Next: 32%
Magic:  7/8        EV: 13    Int: 17    God:
Gold:   127        SH:  0    Dex: 13    Spells: 1/8 levels left

rFire   . . .      SeeInvis .      - Unarmed
rCold   . . .      Faith    .    (no shield)
rNeg    . . .      Spirit   .    (helmet currently unavailable)
rPois   .          Reflect  .    (no amulet)
rElec   .          Harm     .    f - ring of flight
rCorr   .          Rampage  .    (no ring)
Will    .....                    (no ring)
Stlth   ++                       (no ring)
HPRegen 0.25/turn                (no ring)
MPRegen 0.11/turn                (no ring)
                                 (no ring)
                                 (no ring)

@: appendages, wereblooded (expiring), flying
A: tentacle spike 3, almost no armour, amphibious, 8 rings, camouflage 1,
gelatinous body 1, (nimble swimmer 1), tentacles
a: End Transformation


You were on level 3 of the Dungeon.
One of your tentacles had grown a beastly spike.
You visited 1 branch of the dungeon, and saw 3 of its levels.

You collected 127 gold pieces.

Inventory:

Magical Staves
 m - a staff of earth
 o - a staff of death
Jewellery
 f - a ring of flight (left tentacle)
Scrolls
 c - 2 scrolls of identify {unknown}
 d - a scroll of amnesia {unknown}
 g - a scroll of fog {unknown}
 j - a scroll of fear {unknown}
 k - a scroll of blinking {unknown}
 n - a scroll of poison {unknown}
 p - a scroll of noise {unknown}
Potions
 a - 3 potions of lignification
 b - a potion of berserk rage {unknown}
 e - 2 potions of flight {unknown}
 h - a potion of cancellation {unknown}
 i - a potion of ambrosia {unknown}
 l - 2 potions of curing {unknown}
 q - a potion of magic {unknown}


   Skills:
 - Level 1.0 Fighting
 - Level 2.0 Dodging
 - Level 3.0 Unarmed Combat
 - Level 2.0 Spellcasting
 + Level 4.0 Transmutations
 + Level 3.2 Ice Magic


You had one spell level left.
You knew the following spells:

 Your Spells              Type           Power      Damage    Failure   Level
a - Beastly Appendage     Tmut           30%        N/A       3%          1
b - Wereblood             Tmut           15%        N/A       5%          2
c - Ice Form              Ice/Tmut       14%        N/A       41%         4

Your spell library contained the following spells:

 Spells                   Type           Power      Damage    Failure   Level
 Spider Form              Tmut/Pois      8%         N/A       26%         3
 Inner Flame              Hex/Fire       1%         N/A       50%         3
 Flame Wave               Conj/Fire      1%         2d4       88%         4
 Sticky Flame             Conj/Fire      1%         2d3       88%         4


Dungeon Overview and Level Annotations

Branches:
Dungeon (3/15)

Altars:
Dithmenos

Shops:
D:2 ?


Innate Abilities, Weirdness & Mutations

One of your tentacles has grown a beastly spike.
You cannot wear most types of armour.
You are amphibious.
You can wear up to eight rings at the same time.
Your skin changes colour to match your surroundings (Stealth+).
Your rubbery body absorbs attacks. (AC +1, EV +1)
((You are camouflaged when in or above water. (Stealth+)))
You have tentacles for arms and can constrict up to eight enemies at once.


Message History

You barely miss the orc. Your grab misses the orc. Your squeeze misses the orc.
The orc closely misses you.
You tentacle-slap the orc. Your grab misses the orc.
You pierce the orc.
The orc is almost dead.
The orc hits you with a +0 dagger.
You take 5 damage, and have 28/33 hp.
You tentacle-slap the orc.
You feel a bit better.
You kill the orc!
A magic dart appears from out of thin air!
The magic dart hits you. Something hits you.
Items here: )) [ †.
You take 1 damage, and have 27/33 hp.
You barely miss something.
Your tentacle spike misses something.
You hear some strange, mumbled words.
A magic dart appears from out of thin air!
The magic dart hits you!
You take 8 damage, and have 19/33 hp.
MASSIVE DAMAGE!!
You closely miss something.
Your tentacle spike misses something.
Your primal bloodlust is almost over.
Something hits you.
You take 4 damage, and have 15/33 hp.
The orc priest shouts!
You tentacle-slap something. Something hits you.
You take 2 damage, and have 13/33 hp.
You miss something.
Your tentacle spike misses something.
Your squeeze misses something. Something hits you.
You take 2 damage, and have 11/33 hp.
You tentacle-slap something.
Your tentacle spike misses something.
Your squeeze misses something.
You hear some strange, mumbled words.
A magic dart appears from out of thin air!
The magic dart hits you.
* * * LOW HITPOINT WARNING * * *
You take 5 damage, and have 6/33 hp.
You miss something.
You hear some strange, mumbled words.
A puff of flame appears from out of thin air!
The puff of flame hits you!
You die...

#.# #.# #..#
###.#####.###..###
.#.##.................
..................####
####.#.########### #.
#.#.# #. #.#.# #.
#.#.# ###. #@#.#
##...####{#†#
#........o#.#
###.....o.....#
.......o#######
####..o..# #....o..#
.......o....
.##......>#.#


You could see an orc priest.

Vanquished Creatures
  Jessica (D:2)
  Natasha (D:2)
  4 adders (D:3)
  2 worms (D:2)
  A dart slug (D:1)
  5 orcs (D:3)
  5 endoplasms
  A giant cockroach (D:1)
  2 goblins
  3 hobgoblins
  3 jackals (D:2)
  A kobold (D:1)
  4 quokkas
  6 ball pythons
  3 bats
  4 frilled lizards
  4 rats
50 creatures vanquished.

Notes
Turn   | Place    | Note
-------+----------+-------------------------------------------
     0 | D:1      | Dirtsage the Octopode Transmuter began the quest for the
                  | Orb.
     0 | D:1      | Reached XP level 1. HP: 13/13 MP: 3/3
   186 | D:1      | Reached skill level 1 in Ice Magic
   186 | D:1      | Reached XP level 2. HP: 18/18 MP: 3/5
   226 | D:1      | You fall into a shaft and drop 1 floor!
   236 | D:2      | Noticed Jessica
   243 | D:2      | Killed Jessica
   244 | D:2      | Reached XP level 3. HP: 23/23 MP: 4/6
   269 | D:2      | Identified the +2 pair of boots "Wayhixa" {rElec Int+3}
   318 | D:2      | Reached skill level 3 in Transmutations
   418 | D:2      | Learned a level 2 spell: Wereblood
   583 | D:2      | Found Guunoidu's Magic Scroll Shop.
   703 | D:1      | Reached XP level 4. HP: 28/28 MP: 3/7
   708 | D:1      | Learned a level 4 spell: Ice Form
   847 | D:1      | Found a faded altar of an unknown god.
  1693 | D:2      | Found a shadowy altar of Dithmenos.
  1851 | D:2      | Noticed Natasha
  1858 | D:2      | Killed Natasha
  2114 | D:3      | Reached XP level 5. HP: 26/33 MP: 6/8
  2361 | D:3      | Reached skill level 4 in Transmutations
  2393 | D:3      | Killed from afar by an orc wizard

Illustrated notes

Levels and vault maps discovered:
D:1:      sevenhm_arrival_forest_fort_large_4, layout_basic,
          shapermc_ecumenical_altar_ellora, minmay_misc_feat_pillars
D:2:      layout_basic, serial_shops, shop, basic_altar, minivault_4,
          serial_park_tiny_2, uniq_natasha, uniq_jessica
D:3:      layout_loops_ring

Skill      XL: |  1  2  3  4  5 |
---------------+----------------+-----
Ice Magic      | 1 2 3 |  3.2
Transmutations | 3 4 |  4.0
Fighting       | |  1.0
Dodging        | |  2.0
Unarmed Combat | |  3.0
Spellcasting   | |  2.0

Action                   |  1- 3 |  4- 6 || total
-------------------------+-------+-------++-------
Melee: Unarmed           |    62 |    68 ||   130
       Constrict         |    14 |    14 ||    28
       Kick              |    10 |    16 ||    26
       Tentacles         |     9 |     9 ||    18
       Punch             |     2 |     1 ||     3
 Cast: Beastly Appendage |    10 |     9 ||    19
       Wereblood         |     2 |     1 ||     3
 Stab: Sleeping          |     2 |     4 ||     6
Armor: Skin              |     5 |     1 ||     6
Dodge: Dodged            |    40 |    30 ||    70

Table legend: (Time is in decaauts)
 A = Elapsed time spent in this place.
 B = Non-inter-level travel time spent in this place.
 C = Inter-level travel time spent in this place.
 D = Time resting spent in this place.
 E = Time spent auto-exploring this place.
 F = Levels seen in this place.
 G = Mean time per level.
                   A        B        C        D        E       F      G
               +--------+--------+--------+--------+--------+-----+--------+
         Total |   2384 |   2359 |     25 |     14 |   1953 |   3 |  794.7 |
       Dungeon |   2384 |   2359 |     25 |     14 |   1953 |   3 |  794.7 |
               +--------+--------+--------+--------+--------+-----+--------+

Top non-repeatable levels by time:
     D:1: 1076 daAuts
     D:2: 972 daAuts
     D:3: 335 daAuts
